 Dungeon Crawl Stone Soup version 0.30.1-9-gdf580d7c3d (webtiles) character file.

Game seed: 9179114362052472076

13580 Atelerd the Covert (level 12, -1/72 HPs)
             Began as an Octopode Earth Elementalist on Sept 24, 2023.
             Was a Priest of Sif Muna.
             Slain by a centaur warrior (10 damage)
             ... on level 9 of the Dungeon.
             The game lasted 00:35:41 (11288 turns).

Atelerd the Covert (Octopode Earth Elementalist)   Turns: 11288, Time: 00:35:42

Health: -1/72      AC:  1    Str: 13    XL:     12   Next: 7%
Magic:  12/26      EV: 23    Int: 29    God:    Sif Muna [***...]
Gold:   590        SH:  0    Dex: 22    Spells: 26/31 levels left

rFire   + . .        c - +2 dagger (speed)
rCold   . . .        (no shield)
rNeg    . . .        (helmet restricted)
rPois   .            (no amulet)
rElec   .            z - ring "Zinyxk Gefi" {Drain rF+ Will+++ Int+4}
rCorr   .            r - +6 ring of strength
SInv    .            y - +5 ring of evasion
Will    +++..        D - +6 ring of dexterity
Stlth   ++++++       h - +6 ring of intelligence
HPRegen 0.32/turn    (no ring)
MPRegen 0.20/turn    (no ring)
                     (no ring)

%: no passive effects
@: attractive, hasted, very quick
A: almost no armour, amphibious, 8 rings, camouflage 1, gelatinous body 1,
(nimble swimmer 1), tentacles
a: Renounce Religion, Channel Magic, Forget Spell


You were on level 9 of the Dungeon.
You worshipped Sif Muna.
Sif Muna was most pleased with you.
You visited 2 branches of the dungeon, and saw 10 of its levels.

You collected 745 gold pieces.
You spent 155 gold pieces at shops.

Inventory:

Hand Weapons
 c - a +2 dagger of speed (weapon)
Missiles
 o - a throwing net
Jewellery
 h - a +6 ring of intelligence (on tentacle)
 r - a +6 ring of strength (right tentacle)
 y - a +5 ring of evasion (on tentacle)
 z - the ring "Zinyxk Gefi" (left tentacle) {Drain rF+ Will+++ Int+4}
   (You found it on level 6 of the Dungeon)

   [ring of protection from fire]

   Int:       It affects your intelligence (+4).
   rF:        It protects you from fire.
   Drain:     It drains your maximum health when unequipped.
   Will:      It greatly increases your willpower.
 D - a +6 ring of dexterity (on tentacle)
Wands
 q - a wand of paralysis (3)
Scrolls
 a - 4 scrolls of vulnerability {unknown}
 b - 3 scrolls of blinking
 d - 2 scrolls of magic mapping
 f - 2 scrolls of immolation
 l - 4 scrolls of identify
 n - a scroll of torment {unknown}
 s - 2 scrolls of amnesia {unknown}
 t - 2 scrolls of fog
 u - 2 scrolls of poison
 x - a scroll of teleportation
 A - a scroll of enchant weapon
 E - a scroll of silence {unknown}
Potions
 e - 2 potions of cancellation
 i - 3 potions of curing
 j - 2 potions of attraction
 k - a potion of flight
 m - a potion of haste
 p - 2 potions of ambrosia {unknown}
 v - 2 potions of mutation {unknown}
 w - a potion of degeneration {unknown}
 B - 2 potions of berserk rage {unknown}
 C - a potion of brilliance


   Skills:
 - Level 3.0 Fighting
 - Level 3.0 Short Blades
 + Level 6.4 Dodging
 + Level 10.5 Stealth
 + Level 10.2 Spellcasting
 + Level 4.6 Transmutations
 - Level 10.0 Earth Magic
 - Level 6.0 Invocations


You had 26 spell levels left.
You knew the following spells:

 Your Spells              Type           Power      Damage    Failure   Level
a - Sandblast             Erth           100%       2d20      1%          1
p - Petrify               Tmut/Erth      55%        N/A       1%          4

Your spell library contained the following spells:

 Spells                   Type           Power      Damage    Failure   Level
 Passwall                 Tmut/Erth      45%        N/A       1%          2
 Stone Arrow              Conj/Erth      86%        3d12      1%          3
 Apportation              Tloc           28%        N/A       3%          1
 Necrotise                Necr           56%        1d6       3%          1
 Summon Small Mammal      Summ           56%        N/A       3%          1
 Scorch                   Fire           28%        2d6       5%          2
 Sublimation of Blood     Necr           14%        N/A       5%          2
 Tukima's Dance           Hex            14%        N/A       11%         3
 Flame Wave               Conj/Fire      14%        2d6       36%         4
 Passage of Golubria      Tloc           14%        N/A       36%         4
 Irradiate                Conj/Tmut      14%        3d16      36%         5
 Yara's Violent Unravell  Hex/Tmut       14%        3d7       36%         5
 Summon Cactus Giant      Summ           7%         N/A       99%         6


Dungeon Overview and Level Annotations

Branches:
Dungeon (9/15)             Temple (1/1) D:5            Lair (0/5) D:8
    Orc: D:9-12

Altars:
Ashenzari
Dithmenos
Elyvilon
Fedhas
Gozag
Hepliaklqana
Makhleb
Nemelex Xobeh
Qazlal
Ru
Sif Muna
Uskayaw
Vehumet
Wu Jian
Yredelemnul
Zin

Shops:
D:3 :   D:6 ?

Annotations:
D:2 exclusion: downstairs
D:3 exclusion: downstairs
D:5 3 runed translucent doors, Ratslayer's ghost, novice MiBe
D:8 exclusion: downstairs


Innate Abilities, Weirdness & Mutations

You cannot wear most types of armour.
You are amphibious.
You can wear up to eight rings at the same time.
Your skin changes colour to match your surroundings (Stealth+).
Your rubbery body absorbs attacks. (AC +1, EV +1)
((You are camouflaged when in or above water. (Stealth+)))
You have tentacles for arms and can constrict up to eight enemies at once.


Message History

You feel attractive to monsters.
The centaur warrior shoots an arrow.
The arrow hits you!!
Casting: Petrify (dangerous; 1% risk of failure)
Confirm with . or Enter, or press ? or * to list all spells.
Aiming: Petrify (dangerous; 1% risk of failure)
Press: ? - help, Shift-Dir - straight line, f/p - centaur warrior
Aim: a centaur warrior, wielding a +0 shortbow and quivering a throwing net (chance to affect: 57%)
The centaur warrior resists with significant effort.
The centaur warrior unwields a +0 shortbow.
The centaur warrior completely misses you.
The centaur warrior kicks you.
* * * LOW HITPOINT WARNING * * *
Unknown command.
Unknown command.
You feel better. The centaur warrior closely misses you.
The centaur warrior kicks you. The centaur warrior hits you.
The centaur warrior kicks you.
* * * LOW HITPOINT WARNING * * *
You feel yourself speed up. The centaur warrior misses you.
The centaur warrior barely misses you.
You feel better. The centaur warrior hits you!
* * * LOW HITPOINT WARNING * * *
The centaur warrior kicks you.
* * * LOW HITPOINT WARNING * * *
Unknown command.
There's nothing to close nearby.
Unknown command.
You feel better. The centaur warrior barely misses you.
The centaur warrior closely misses you.
Unknown command.
Aiming: Paralyse
Press: ? - help, Shift-Dir - straight line, f/p - centaur warrior
Aim: a centaur warrior, quivering a throwing net (chance to affect: 31%)
The centaur warrior easily resists.
The centaur warrior hits you!
* * * LOW HITPOINT WARNING * * *
The centaur warrior kicks you.
* * * LOW HITPOINT WARNING * * *
You feel better. The centaur warrior misses you.
The centaur warrior closely misses you. The centaur warrior hits you!
You die...

.♣≈.♣ ♣......... ♣c♣
#.#... ..~.♣
♣...........♣ ... #..##.
♣.≈.♣ ♣..'#####'..♣ ♣.♣
#.... ♣♣).♣
♣..#.....#..♣ ... ###..
♣♣♣.♣♣♣♣..#.....#..♣♣♣
#>#
..........#.....#....
#.# ♣.♣♣♣♣♣♣..#.....#..♣
#.# ♣...♣ ♣..#(...c#..♣
##'# ..♣♣♣ ♣..'#####@..♣
###... .≈..♣
♣...........♣ #.....
.≈~.♣ ♣...........♣
#..... .≈~♣♣
♣♣♣♣♣♣.♣♣♣♣♣♣ #....)
♣)†♣ ♣.♣ #..#'#
#♣.♣#########.# #####
#..#.#
.....#........####...#
#..#.#
.♣.♣.#.♣.######.)')♣.#♣
♣#..#.#
.♣.♣.#.♣.#.).'.))#.♣.#.♣
♣.#..#.#


You could see a centaur warrior.

Vanquished Creatures
  3 centaur warriors (D:9)
  A boulder beetle (D:9)
  3 two-headed ogres (D:9)
  A deep elf pyromancer (D:9)
  A cyclops (D:9)
  An efreet (D:9)
  A troll (D:9)
  2 hornets (D:8)
  14 yaks
  7 wyverns
  A vampire (D:9)
  4 steam dragons
  3 water moccasins
  An ice beast (D:6)
  A black bear (D:6)
  6 orc warriors
  3 centaurs (D:9)
  2 phantoms (D:5)
  3 kobold brigands
  5 bullfrogs
  3 gnoll sergeants
  A scorpion (D:8)
  6 wights (D:9)
  11 killer bees
  4 howler monkeys
  A gnoll bouda (D:9)
  5 hounds
  2 jellies
  A wyvern simulacrum (D:9)
  6 orc priests
  An iguana (D:6)
  3 orc wizards
  15 gnolls
  6 adders
  A shadow imp (D:6)
  3 white imps
  4 ufetubi
  5 worms
  3 dart slugs
  51 orcs
  9 ball pythons
  6 bats
  3 endoplasms
  6 giant cockroaches
  17 goblins
  10 hobgoblins
  7 jackals
  16 kobolds
  2 quokkas
  4 frilled lizards
  8 rats
283 creatures vanquished.

Vanquished Creatures (others)
  A water moccasin (D:8)
1 creature vanquished.

Grand Total: 284 creatures vanquished

Notes
Turn   | Place    | Note
-------+----------+-------------------------------------------
     0 | D:1      | Atelerd the Octopode Earth Elementalist began the quest for
                  | the Orb.
     0 | D:1      | Reached XP level 1. HP: 11/11 MP: 3/3
   102 | D:1      | Reached XP level 2. HP: 18/18 MP: 0/5
   471 | D:1      | Reached XP level 3. HP: 22/22 MP: 4/6
  1135 | D:2      | Reached XP level 4. HP: 27/27 MP: 4/7
  1337 | D:2      | Found a burning altar of Makhleb.
  2183 | D:3      | Reached XP level 5. HP: 21/32 MP: 3/9
  2430 | D:3      | Found a transporter.
  2430 | D:3      | Found Wamniuss's Book Shoppe.
  2758 | D:3      | Found a transporter.
  3147 | D:3      | Learned a level 4 spell: Petrify
  3283 | D:4      | Reached XP level 6. HP: 37/37 MP: 5/10
  3380 | D:5      | Entered Level 5 of the Dungeon
  3595 | D:5      | Found a staircase to the Ecumenical Temple.
  3660 | Temple   | Entered the Ecumenical Temple
  3745 | Temple   | Became a worshipper of Sif Muna the Loreminder
  3967 | D:5      | Reached skill level 5 in Earth Magic
  4108 | D:5      | Found a runed translucent gate.
  4109 | D:5      | Found a runed translucent gate.
  4109 | D:5      | Noticed Ratslayer's ghost (novice MiBe)
  4110 | D:5      | Found a runed translucent gate.
  4201 | D:5      | Reached XP level 7. HP: 40/42 MP: 5/11
  5261 | D:4      | Reached skill level 5 in Stealth
  5285 | D:4      | Found a sparkling altar of Nemelex Xobeh.
  5286 | D:4      | Found a stormy altar of Qazlal.
  5287 | D:4      | Found a hazy altar of Hepliaklqana.
  5623 | D:6      | Found an opulent altar of Gozag.
  5693 | D:6      | Identified the ring "Zinyxk Gefi" {Drain rF+ Will+++ Int+4}
  5721 | D:6      | Reached XP level 8. HP: 47/47 MP: 13/13
  5996 | D:6      | Found Erucyshrot's Magic Scroll Shop.
  6000 | D:6      | Bought a scroll of identify for 20 gold pieces
  6000 | D:6      | Bought a scroll of blinking for 75 gold pieces
  6000 | D:6      | Bought 3 scrolls of identify for 60 gold pieces
  6089 | D:6      | Reached * piety under Sif Muna
  6224 | D:8      | Noticed a yak
  6579 | D:7      | Noticed a gargoyle
  6802 | D:8      | Noticed a yak
  6803 | D:8      | Noticed a yak
  6812 | D:8      | Noticed a yak
  6813 | D:8      | Killed a yak
  6814 | D:8      | Reached skill level 5 in Spellcasting
  6814 | D:8      | Noticed a yak
  6842 | D:8      | Found a staircase to the Lair.
  6842 | D:8      | Noticed a yak
  6842 | D:8      | Noticed a yak
  6842 | D:8      | Noticed a wyvern
  6842 | D:8      | Noticed a wyvern
  6842 | D:8      | Noticed a wyvern
  6842 | D:8      | Noticed a yak
  6842 | D:8      | Noticed a wyvern
  6842 | D:8      | Noticed a yak
  6905 | D:8      | Noticed a wyvern
  6928 | D:8      | Killed a wyvern
  6929 | D:8      | Reached XP level 9. HP: 29/52 MP: 1/17
  6995 | D:8      | Reached skill level 1 in Invocations
  7045 | D:8      | Reached skill level 5 in Dodging
  7074 | D:8      | Reached XP level 10. HP: 28/57 MP: 3/21
  7193 | D:8      | Reached skill level 1 in Fighting
  7201 | D:8      | Reached skill level 1 in Short Blades
  7877 | D:8      | Reached ** piety under Sif Muna
  8249 | D:8      | Reached skill level 10 in Stealth
  9354 | D:9      | Reached XP level 11. HP: 33/67 MP: 18/23
  9564 | D:9      | Reached skill level 5 in Invocations
  9619 | D:9      | Reached *** piety under Sif Muna
  9781 | D:9      | Noticed a two-headed ogre
  9801 | D:9      | Killed a two-headed ogre
 10260 | D:9      | Noticed a two-headed ogre
 10269 | D:9      | Killed a two-headed ogre
 10339 | D:9      | Found a blossoming altar of Fedhas.
 10444 | D:9      | Noticed a cyclops
 10444 | D:9      | Noticed a two-headed ogre
 10444 | D:9      | Noticed a centaur warrior
 10444 | D:9      | Noticed a cyclops
 10471 | D:9      | Killed a two-headed ogre
 10549 | D:9      | Noticed a boulder beetle
 10561 | D:9      | Killed a boulder beetle
 10764 | D:9      | Killed a centaur warrior
 10995 | D:9      | Noticed a centaur warrior
 11169 | D:9      | Killed a cyclops
 11170 | D:9      | Reached skill level 10 in Earth Magic
 11198 | D:9      | Noticed a centaur warrior
 11199 | D:9      | Noticed a deep elf pyromancer
 11201 | D:9      | Reached skill level 10 in Spellcasting
 11202 | D:9      | Killed a centaur warrior
 11203 | D:9      | Killed a deep elf pyromancer
 11204 | D:9      | Reached XP level 12. HP: 72/72 MP: 24/26
 11215 | D:9      | Noticed a centaur warrior
 11220 | D:9      | Killed a centaur warrior
 11287 | D:9      | HP: 2/72 [centaur warrior (3)]
 11288 | D:9      | Slain by a centaur warrior

Illustrated notes

Levels and vault maps discovered:
D:1:      lemuel_arrival_lava_pool, layout_loops_ring, chequers_big_river,
          dreamdust_mushroom_princess
D:2:      layout_basic, basic_altar
D:3:      kennysheep_the_goblin_king, layout_rooms, serial_shops,
          nicolae_shop_drivethru, kennysheep_decorative_pillar,
          lexackson_kobold_supper
D:4:      layout_rooms, chequers_temple_overflow_statue_of_worship
D:5:      layout_loops_ring, minmay_temple_entry_steel_oval,
          gammafunk_ghost_nasty_kobolds
D:6:      layout_basic, mainiacjoe_overflow_boulevard, serial_shops,
          nicolae_shop_rolled_up
D:7:      layout_loops_ring, minmay_misc_feat_alley, kennysheep_generic_room_5
D:8:      cheibrodos_steamvent, layout_loops_ring, minmay_lair_entry_grove,
          special_room [special_room_orc]
D:9:      nzn_winding_woodlands_large [nzn_winding_woodlands_5x5_checkerboard,
          nzn_winding_woodlands_5x15_pool, nzn_winding_woodlands_hourglass,
          nzn_winding_woodlands_center_lodge,
          nzn_winding_woodlands_15x15_killbox,
          nzn_winding_woodlands_center_diamonds,
          nzn_winding_woodlands_5x5_three,
          nzn_winding_woodlands_5x15_pathside_ponds,
          nzn_winding_woodlands_5x5_default], layout_basic, fedhas_altar_4
Temple:   minmay_crystal_spiral_temple

Skill      XL: |  1  2  3  4  5  6  7  8  9 10 11 |
---------------+----------------------------------+-----
Stealth        | 3 4 5 6 10 | 10.5
Earth Magic    | 4 5 6 8 10 | 10.0
Transmutations | 2 3 4 |  4.6
Spellcasting   | 3 5 7 8 10 | 10.2
Invocations    | 4 6 |  6.0
Dodging        | 5 6 |  6.4
Fighting       | 3 |  3.0
Short Blades   | 3 |  3.0

Action                     |  1- 3 |  4- 6 |  7- 9 | 10-12 || total
---------------------------+-------+-------+-------+-------++-------
  Melee: Unarmed           |     2 |       |       |       ||     2
         Constrict         |     5 |     7 |     5 |     7 ||    24
         Dagger            |    16 |    26 |    79 |   101 ||   222
         Tentacles         |     5 |     5 |     5 |    23 ||    38
         Punch             |       |       |     1 |     2 ||     3
   Cast: Sandblast         |    36 |   115 |    83 |   135 ||   369
         Petrify           |       |     1 |    30 |    99 ||   130
 Invoke: Channel Magic     |       |       |     3 |     2 ||     5
  Evoke: Wand              |       |       |     4 |     2 ||     6
    Use: Scroll            |       |     1 |    15 |       ||    16
         Potion            |       |     2 |     7 |     7 ||    16
   Stab: Sleeping          |     2 |     1 |     4 |     7 ||    14
         Petrified         |       |       |    44 |    54 ||    98
         Petrifying        |       |       |     2 |     4 ||     6
 Armour: Skin              |     2 |     7 |    86 |     1 ||    96
  Dodge: Dodged            |    13 |    70 |    56 |   139 ||   278
